FSL
BREVARD COUNTY MANATEES @ PALM BEACH CARDINALS
07/15/2098
 
TOP OF THE 1ST
Brevard County Manatees batting - Pitching for Palm Beach Cardinals : RHP Eduardo Rodriguez
Pitching: RHP Eduardo Rodriguez
Batting: LHB Travis Konikowski 0-0: Ball
1-0: Ball
2-0: Bunt missed!
2-1: DOUBLE (Line Drive, 78D, EV 106.9 MPH)
Batting: SHB Mike Dominguez 0-0: Swinging Strike
0-1: Ball
1-1: SINGLE (Line Drive, 9S, EV 106.3 MPH)
Travis Konikowski to third
Batting: RHB Antonio Contreras 0-0: Called Strike
0-1: 3-RUN HOME RUN (Flyball, 7LD, EV 88.8 MPH), Distance : 342 ft
Batting: SHB Hector Fuentes 0-0: Called Strike
0-1: Foul Ball, location: 5DF
0-2: Strikes out swinging
Batting: RHB Bryan Szczerba 0-0: Called Strike
0-1: Swinging Strike
0-2: Ball
1-2: Ball
2-2: Ball
3-2: Fly out, F9 (Flyball, 9, EV 98.1 MPH)
Batting: RHB Enrique Acosta 0-0: Called Strike
0-1: Ball
1-1: Foul Ball, location: 23F
1-2: Foul Ball, location: 5SF
1-2: Foul Ball, location: 3F
1-2: Ball
2-2: Ball
3-2: Foul Ball, location: 25F
3-2: Fly out, F7 (Flyball, 7S, EV 91.3 MPH)
Top of the 1st over - 3 runs, 3 hits, 0 errors, 0 left on base; Brevard County 3 - Palm Beach 0
BOTTOM OF THE 1ST
Palm Beach Cardinals batting - Pitching for Brevard County Manatees : RHP Joe Yount
Pitching: RHP Joe Yount
Batting: RHB Ben Frey 0-0: Ball
1-0: Called Strike
1-1: Fly out, F4 (Popup, 13S, EV 86.3 MPH)
Batting: RHB Carlos Canto 0-0: Fly out, F7 (Line Drive, 78M, EV 96.9 MPH)
Batting: LHB Johnny Whitehead 0-0: Ball
1-0: Called Strike
1-1: Called Strike
1-2: Foul Ball, location: 25F
1-2: Ball
2-2: Foul Ball, location: 2F
2-2: Foul Ball, location: 23F
2-2: Ball
3-2: Strikes out looking
Bottom of the 1st over - 0 runs, 0 hits, 0 errors, 0 left on base; Brevard County 3 - Palm Beach 0
TOP OF THE 2ND
Brevard County Manatees batting - Pitching for Palm Beach Cardinals : RHP Eduardo Rodriguez
Batting: RHB T.J. Ramer 0-0: Ball
1-0: Foul Ball, location: 5F
1-1: Called Strike
1-2: Strikes out swinging
Batting: RHB Brian Monte 0-0: Foul Ball, location: 2F
0-1: Swinging Strike
0-2: Strikes out looking
Batting: RHB David Jensen 0-0: Foul Ball, location: 2F
0-1: Fly out, F9 (Flyball, 89S, EV 91.3 MPH)
Top of the 2nd over - 0 runs, 0 hits, 0 errors, 0 left on base; Brevard County 3 - Palm Beach 0
BOTTOM OF THE 2ND
Palm Beach Cardinals batting - Pitching for Brevard County Manatees : RHP Joe Yount
Batting: LHB Jon Carlson 0-0: Foul Ball, location: 9LMFF
0-1: Swinging Strike
0-2: Ground out 3-1 (Groundball, 34, EV 93.1 MPH)
Batting: RHB Dave Mora 0-0: Ball
1-0: Ball
2-0: SINGLE (Groundball, 6S, EV 93.1 MPH)
Batting: RHB Corey Springer 0-0: Ball
1-0: Ball
2-0: Ball
Dave Mora steals 2nd base
3-0: Base on Balls
Batting: RHB Fernando Cortez 0-0: Ball
1-0: Fielders Choice at 2nd, 6-4 (Groundball, 6, EV 90.6 MPH)
Dave Mora to third
Batting: RHB Juan Valadez 0-0: Called Strike
0-1: Called Strike
0-2: Ball
1-2: DOUBLE (Line Drive, 78M, EV 96.9 MPH)
Dave Mora scores
Fernando Cortez to third
Batting: SHB Eddie Summers 0-0: Fly out, F8 (Flyball, 8LD, EV 106.3 MPH)
Bottom of the 2nd over - 1 run, 2 hits, 0 errors, 2 left on base; Brevard County 3 - Palm Beach 1
TOP OF THE 3RD
Brevard County Manatees batting - Pitching for Palm Beach Cardinals : RHP Eduardo Rodriguez
Batting: LHB Travis Konikowski 0-0: Ground out 6-3 (Groundball, 6, EV 99.4 MPH)
Batting: SHB Mike Dominguez 0-0: Ball
1-0: Foul Ball, location: 2F
1-1: Foul Ball, location: 2F
1-2: Ground out 4-3 (Groundball, 4, EV 86.3 MPH)
Batting: RHB Antonio Contreras 0-0: Ball
1-0: Called Strike
1-1: Foul Ball, location: 9LMF
1-2: Strikes out looking
Top of the 3rd over - 0 runs, 0 hits, 0 errors, 0 left on base; Brevard County 3 - Palm Beach 1
BOTTOM OF THE 3RD
Palm Beach Cardinals batting - Pitching for Brevard County Manatees : RHP Joe Yount
Batting: RHB Ben Frey 0-0: Called Strike
0-1: Foul Ball, location: 2F
0-2: Ball
1-2: Ground out 5-3 (Groundball, 56, EV 84.4 MPH)
Batting: RHB Carlos Canto 0-0: Ball
1-0: Fly out, F9 (Line Drive, 9, EV 88.1 MPH)
Batting: LHB Johnny Whitehead 0-0: Ground out 6-3 (Groundball, 6, EV 94.4 MPH)
Bottom of the 3rd over - 0 runs, 0 hits, 0 errors, 0 left on base; Brevard County 3 - Palm Beach 1
TOP OF THE 4TH
Brevard County Manatees batting - Pitching for Palm Beach Cardinals : RHP Eduardo Rodriguez
Batting: SHB Hector Fuentes 0-0: Called Strike
0-1: Foul Ball, location: 3SF
0-2: Strikes out swinging
Batting: RHB Bryan Szczerba 0-0: Foul Ball, location: 2F
0-1: Called Strike
0-2: Fly out, F8 (Flyball, 78M, EV 99.4 MPH)
Batting: RHB Enrique Acosta 0-0: Ball
1-0: Called Strike
1-1: Ground out 6-3 (Groundball, 6, EV 78.1 MPH)
Top of the 4th over - 0 runs, 0 hits, 0 errors, 0 left on base; Brevard County 3 - Palm Beach 1
BOTTOM OF THE 4TH
Palm Beach Cardinals batting - Pitching for Brevard County Manatees : RHP Joe Yount
Batting: LHB Jon Carlson 0-0: Ground out 6-3 (Groundball, 6, EV 78.8 MPH)
Batting: RHB Dave Mora 0-0: Called Strike
0-1: Swinging Strike
0-2: Ball
1-2: Ball
2-2: Foul Ball, location: 9LDF
2-2: Ball
3-2: Base on Balls
Batting: RHB Corey Springer 0-0: Called Strike
0-1: Ball
1-1: Swinging Strike
1-2: Strikes out looking
Batting: RHB Fernando Cortez 0-0: Ball
1-0: Ball
Wild Pitch!
Dave Mora to second
2-0: Foul Ball, location: 9LMF
2-1: Fly out, F9 (Flyball, 9, EV 98.1 MPH)
Bottom of the 4th over - 0 runs, 0 hits, 0 errors, 1 left on base; Brevard County 3 - Palm Beach 1
TOP OF THE 5TH
Brevard County Manatees batting - Pitching for Palm Beach Cardinals : RHP Eduardo Rodriguez
Batting: RHB T.J. Ramer 0-0: Ball
1-0: Called Strike
1-1: Ball
2-1: SINGLE (Line Drive, 8RS, EV 95.0 MPH)
Batting: RHB Brian Monte 0-0: Ball
1-0: Called Strike
1-1: Swinging Strike
1-2: Ball
2-2: Foul Ball, location: 2F
Balk!
T.J. Ramer to second
2-2: Ball
3-2: Foul Ball, location: 5F
3-2: Base on Balls
Batting: RHB David Jensen 0-0: SINGLE (Line Drive, 8RS, EV 110.6 MPH)
T.J. Ramer to third
Brian Monte to second
Batting: LHB Travis Konikowski 0-0: Ball
1-0: Ball
2-0: Ball
3-0: Called Strike
3-1: Called Strike
3-2: Foul Ball, location: 2F
3-2: Grounds into fielders choice 6-2 (Groundball, 6, EV 77.5 MPH)
Brian Monte to third
David Jensen to second
Batting: SHB Mike Dominguez 0-0: Ball
1-0: Ball
2-0: Called Strike
2-1: Swinging Strike
2-2: Fly out, F8 (Flyball, 89M, EV 92.5 MPH)
Runner from 3rd tags up, SCORES, throw by CF
David Jensen to third
Batting: RHB Antonio Contreras 0-0: Ball
1-0: Ball
2-0: Ground out 4-3 (Groundball, 34S, EV 85.0 MPH)
Top of the 5th over - 1 run, 2 hits, 0 errors, 2 left on base; Brevard County 4 - Palm Beach 1
BOTTOM OF THE 5TH
Palm Beach Cardinals batting - Pitching for Brevard County Manatees : RHP Joe Yount
Batting: RHB Juan Valadez 0-0: Ball
1-0: Foul Ball, location: 25F
1-1: SINGLE (Line Drive, 7LS, EV 93.1 MPH)
Batting: SHB Eddie Summers 0-0: Ball
1-0: Ball
2-0: Swinging Strike
2-1: Foul Ball, location: 9LDF
2-2: Ball
3-2: Base on Balls
Juan Valadez to second
Batting: RHB Ben Frey 0-0: Fielders Choice at 2nd, 1-6 (Groundball, 34S, EV 75.0 MPH)
Juan Valadez to third
Batting: RHB Carlos Canto 0-0: Called Strike
0-1: Swinging Strike
0-2: Ball
1-2: Strikes out looking
Batting: LHB Johnny Whitehead 0-0: Ball
1-0: Hit by Pitch
Ben Frey to second
Batting: LHB Jon Carlson 0-0: Foul Ball, location: 2F
0-1: Swinging Strike
0-2: Foul Ball, location: 23F
0-2: Foul Ball, location: 3SF
0-2: Foul Ball, location: 3FF
0-2: Strikes out looking
Bottom of the 5th over - 0 runs, 1 hit, 0 errors, 3 left on base; Brevard County 4 - Palm Beach 1
TOP OF THE 6TH
Brevard County Manatees batting - Pitching for Palm Beach Cardinals : RHP Eduardo Rodriguez
Batting: SHB Hector Fuentes 0-0: Ball
1-0: Ball
2-0: Ball
3-0: Called Strike
3-1: Foul Ball, location: 2F
3-2: Foul Ball, location: 7LMF
3-2: Strikes out swinging
Batting: RHB Bryan Szczerba 0-0: Ball
1-0: Reached on error, E4 (Groundball, 4, EV 103.8 MPH)
Batting: RHB Enrique Acosta 0-0: Foul Ball, location: 9LDF
0-1: SINGLE (Groundball, 2L, EV 69.4 MPH) (infield hit)
Bryan Szczerba to second
Batting: RHB T.J. Ramer 0-0: Ball
1-0: Swinging Strike
1-1: Swinging Strike
1-2: Ball
2-2: Strikes out swinging
Batting: RHB Brian Monte 0-0: Fly out, F8 (Flyball, 8LS, EV 85.0 MPH)
Top of the 6th over - 0 runs, 1 hit, 1 error, 2 left on base; Brevard County 4 - Palm Beach 1
BOTTOM OF THE 6TH
Palm Beach Cardinals batting - Pitching for Brevard County Manatees : RHP Joe Yount
Batting: RHB Dave Mora 0-0: Ground out 5-3 (Groundball, 56, EV 100.0 MPH)
Batting: RHB Corey Springer 0-0: Ball
1-0: Called Strike
1-1: Ball
2-1: Foul Ball, location: 2F
2-2: Foul Ball, location: 9LMF
2-2: Fly out, F9 (Flyball, 9S, EV 76.3 MPH)
Batting: RHB Fernando Cortez 0-0: Ball
1-0: Ball
2-0: Ball
3-0: Called Strike
3-1: Base on Balls
Batting: RHB Juan Valadez 0-0: Ball
1-0: Ball
2-0: Foul Ball, location: 3SF
2-1: Ball
3-1: Called Strike
3-2: Strikes out swinging, 2-3 out at first.
Bottom of the 6th over - 0 runs, 0 hits, 0 errors, 1 left on base; Brevard County 4 - Palm Beach 1
TOP OF THE 7TH
Brevard County Manatees batting - Pitching for Palm Beach Cardinals : RHP Eduardo Rodriguez
Batting: RHB David Jensen 0-0: Ball
1-0: Called Strike
1-1: Swinging Strike
1-2: Strikes out swinging
Batting: LHB Travis Konikowski 0-0: Ball
1-0: Called Strike
1-1: Ball
2-1: DOUBLE (Groundball, 5L, EV 107.5 MPH)
Batting: SHB Mike Dominguez 0-0: Ball
1-0: Ball
2-0: Ball
3-0: Foul Ball, location: 7LSF
3-1: Swinging Strike
3-2: Strikes out swinging
Pitching: LHP Scott Terveer
Batting: RHB Antonio Contreras 0-0: Called Strike
0-1: Ball
1-1: Swinging Strike
1-2: Foul Ball, location: 3SF
1-2: Ball
2-2: Foul Ball, location: 2F
2-2: Foul Ball, location: 2F
2-2: 2-RUN HOME RUN (Flyball, 9LD, EV 90.6 MPH), Distance : 332 ft
Batting: SHB Hector Fuentes 0-0: Ground out 3-1 (Groundball, 34S, EV 82.5 MPH)
Top of the 7th over - 2 runs, 2 hits, 0 errors, 0 left on base; Brevard County 6 - Palm Beach 1
BOTTOM OF THE 7TH
Palm Beach Cardinals batting - Pitching for Brevard County Manatees : RHP Joe Yount
Batting: SHB Eddie Summers 0-0: Ball
1-0: Ball
2-0: Ball
3-0: Called Strike
3-1: Foul Ball, location: 25F
3-2: Strikes out swinging
Batting: RHB Ben Frey 0-0: Ball
1-0: Called Strike
1-1: Called Strike
1-2: Foul Ball, location: 23FF
1-2: Foul Ball, location: 2F
1-2: Ball
2-2: Ball
3-2: Strikes out looking
Batting: RHB Carlos Canto 0-0: Foul Ball, location: 9LSF
0-1: Ball
1-1: Swinging Strike
1-2: Foul Ball, location: 2F
1-2: Ball
2-2: Strikes out swinging
Bottom of the 7th over - 0 runs, 0 hits, 0 errors, 0 left on base; Brevard County 6 - Palm Beach 1
TOP OF THE 8TH
Brevard County Manatees batting - Pitching for Palm Beach Cardinals : LHP Scott Terveer
Batting: RHB Bryan Szczerba 0-0: Ball
1-0: Swinging Strike
1-1: SOLO HOME RUN (Flyball, 78XD, EV 100.0 MPH), Distance : 405 ft
Batting: RHB Enrique Acosta 0-0: Ball
1-0: Foul Ball, location: 5F
1-1: Ground out U3 (Groundball, 34, EV 86.3 MPH)
Batting: RHB T.J. Ramer 0-0: Ground out 6-3 (Groundball, 6, EV 80.6 MPH)
Batting: RHB Brian Monte 0-0: Ball
1-0: Ball
2-0: Foul Ball, location: 2F
2-1: Called Strike
2-2: Ball
3-2: Strikes out swinging
Top of the 8th over - 1 run, 1 hit, 0 errors, 0 left on base; Brevard County 7 - Palm Beach 1
BOTTOM OF THE 8TH
Palm Beach Cardinals batting - Pitching for Brevard County Manatees : RHP Joe Yount
Pitching: LHP Dave Buskey
Batting: LHB Johnny Whitehead 0-0: Called Strike
0-1: Swinging Strike
0-2: Strikes out swinging
Batting: LHB Jon Carlson 0-0: Foul Ball, location: 7LMF
0-1: SINGLE (Groundball, 34, EV 100.6 MPH)
Batting: RHB Dave Mora 0-0: Called Strike
0-1: Ball
1-1: Ball
2-1: Called Strike
2-2: Ball
3-2: DOUBLE (Flyball, 89XD, EV 85.6 MPH)
Jon Carlson to third
Batting: RHB Corey Springer 0-0: Ball
1-0: Ball
2-0: Swinging Strike
2-1: Foul Ball, location: 9LSF
2-2: Fly out, F5 (Popup, 5F, EV 80.0 MPH)
Batting: RHB Fernando Cortez 0-0: Foul Ball, location: 7LSF
0-1: SINGLE (Groundball, 6M, EV 80.6 MPH) (infield hit)
Jon Carlson scores
Dave Mora to third
Batting: RHB Juan Valadez 0-0: Ball
1-0: Ball
2-0: Foul Ball, location: 2F
2-1: Ball
3-1: Swinging Strike
3-2: Base on Balls
Fernando Cortez to second
Batting: SHB Eddie Summers 0-0: Called Strike
0-1: Called Strike
0-2: Strikes out swinging
Bottom of the 8th over - 1 run, 3 hits, 0 errors, 3 left on base; Brevard County 7 - Palm Beach 2
TOP OF THE 9TH
Brevard County Manatees batting - Pitching for Palm Beach Cardinals : LHP Scott Terveer
Batting: RHB David Jensen 0-0: Called Strike
0-1: Called Strike
0-2: Ball
1-2: Ball
2-2: Ball
3-2: Foul Ball, location: 2F
3-2: SINGLE (Groundball, 34S, EV 72.5 MPH) (infield hit)
Batting: LHB Travis Konikowski 0-0: Swinging Strike
0-1: Foul Ball, location: 9LSFF
0-2: Fielders Choice at 2nd, 5-4 (Groundball, 56, EV 86.9 MPH)
Batting: SHB Mike Dominguez 0-0: Called Strike
0-1: Foul Ball, location: 23F
0-2: Ball
1-2: Ball
2-2: Fielders Choice at 2nd, 4-6 (Groundball, 34, EV 89.4 MPH)
Batting: RHB Antonio Contreras 0-0: Foul Ball, location: 25F
0-1: Foul Ball, location: 9LMF
0-2: Strikes out swinging
Top of the 9th over - 0 runs, 1 hit, 0 errors, 1 left on base; Brevard County 7 - Palm Beach 2
BOTTOM OF THE 9TH
Palm Beach Cardinals batting - Pitching for Brevard County Manatees : LHP Dave Buskey
Batting: RHB Ben Frey 0-0: Foul Ball, location: 2F
0-1: Swinging Strike
0-2: Ball
1-2: Ball
2-2: Ball
3-2: Base on Balls
Batting: RHB Carlos Canto 0-0: Swinging Strike
0-1: Called Strike
0-2: Foul Ball, location: 2F
0-2: Foul Ball, location: 9LSF
0-2: Foul Ball, location: 25FF
0-2: Foul Ball, location: 2F
0-2: Ball
1-2: Strikes out swinging
Batting: LHB Johnny Whitehead 0-0: Called Strike
0-1: Foul Ball, location: 9LSF
0-2: Foul Ball, location: 2F
0-2: Strikes out swinging
Pitching: RHP Leon Madrid
Batting: LHB Jon Carlson 0-0: Ball
Wild Pitch!
Ben Frey to second
1-0: Foul Ball, location: 3F
1-1: Ball
Wild Pitch!
Ben Frey to third
2-1: Foul Ball, location: 9LMF
2-2: Fly out, F9 (Flyball, 9D, EV 81.3 MPH)
Bottom of the 9th over - 0 runs, 0 hits, 0 errors, 1 left on base; Brevard County 7 - Palm Beach 2
Tuesday, April 9th , 2024 - OOTP Baseball 24.11 Build 85